[Event "ICC tourney 2673 (25 5)"]
[Site "Internet Chess Club"]
[Date "2021.09.18"]
[Round "3"]
[White "ZHAO, DANSON:K01-30127679"]
[Black "YAN, CLAIRE:Cychess88"]
[Result "0-1"]
[ICCResult "White checkmated"]
[WhiteElo "1110"]
[BlackElo "450"]
[Opening "Sicilian: Najdorf, Opocensky variation"]
[ECO "B92"]
[NIC "SI.10"]
[Time "14:01:03"]
[TimeControl "1500+5"]

1. e4 c5 2. Nf3 d6 3. d4 cxd4 4. Nxd4 Nf6 5. Nc3 a6 6. Be2 e5 7. Nf3 Be7 8.
O-O O-O 9. Bg5 Nbd7 10. h3 b6 11. Bxf6 Nxf6 12. Bd3 Bb7 13. Re1 Re8 14. Bf1
Rc8 15. Nd5 Nxd5 16. exd5 b5 17. Rc1 Rc5 18. c4 bxc4 19. Bxc4 Qa5 20. a3 Qb6
21. Qe2 h6 22. b4 Rc7 23. Red1 a5 24. bxa5 Qxa5 25. Qe4 Qxa3 26. Rb1 Qc3 27.
Bd3 g6 28. h4 f5 29. Qa4 Ra8 30. Qb3 Qxb3 31. Rxb3 Bxd5 32. Rb5 Bxf3 33.
gxf3 Kf7 34. Bc4+ Rxc4 35. Rbd5 Rxh4 36. Kf1 Rha4 37. R5d2 Bg5 38. Rb2 Ke6
39. Rb6 Be7 40. Rb7 Ra1 41. Rbb1 Rxb1 42. Rxb1 g5 43. Rb3 Ra1+ 44. Kg2 e4
45. fxe4 fxe4 46. Rh3 Bf8 47. Re3 Kf5 48. Kg3 d5 49. f3 Bd6+ 50. Kf2 Ra2+
51. Kf1 Ra1+ 52. Kf2 Bc5 53. fxe4+ dxe4 54. Kg3 Bxe3 55. Kg2 h5 56. Kg3 h4+
57. Kh3 Kf4 58. Kg2 g4 59. Kh2 g3+ 60. Kg2 Ra2+ 61. Kf1 g2+ 62. Ke1 g1=Q#
{White checkmated}
0-1

[Event "ICC tourney 2673 (25 5)"]
[Site "Internet Chess Club"]
[Date "2021.09.18"]
[Round "3"]
[White "ADDURI, MANSI:K03-17004388"]
[Black "LIU, DYLAN:Lerdog"]
[Result "1-0"]
[ICCResult "Black checkmated"]
[WhiteElo "963"]
[BlackElo "724"]
[Opening "Sicilian"]
[ECO "B50"]
[NIC "SI.01"]
[Time "14:00:14"]
[TimeControl "1500+5"]

1. e4 c5 2. Nf3 d6 3. Nc3 Nf6 4. h3 Nc6 5. Bc4 b6 6. d3 Bb7 7. Be3 Qc7 8.
O-O e6 9. Re1 Be7 10. Bf4 e5 11. Bg3 O-O 12. Bh4 Nd4 13. Nxd4 cxd4 14. Nd5
Nxd5 15. Bxd5 Bxd5 16. Bxe7 Qxe7 17. exd5 f5 18. f4 e4 19. dxe4 fxe4 20. Qg4
e3 21. Rad1 Qe4 22. Qe6+ Qxe6 23. dxe6 Rxf4 24. g3 Re4 25. Rd3 Rc8 26. c3
dxc3 27. bxc3 Rxe6 28. Rexe3 Rxe3 29. Rxe3 a5 30. Rd3 Rd8 31. Kf2 Kf7 32.
Kf3 Kf6 33. Kf4 g6 34. Ke4 Ke6 35. c4 h6 36. Kd4 d5 37. Kc3 Rc8 38. Rxd5 Rc5
39. Rxc5 bxc5 40. Kb3 Kd6 41. Ka4 Kc6 42. Kxa5 h5 43. h4 Kd6 44. Kb6 Ke5 45.
a4 Ke4 46. a5 Kd4 47. Kb5 Ke3 48. a6 Kf3 49. a7 Kxg3 50. a8=Q Kxh4 51. Qe4+
Kg5 52. Kxc5 Kh6 53. Qf4+ g5 54. Qf6+ Kh7 55. Qxg5 Kh8 56. Kd6 h4 57. Ke7 h3
58. Kf7 h2 59. Qg7# {Black checkmated} 1-0

[Event "ICC tourney 2673 (25 5)"]
[Site "Internet Chess Club"]
[Date "2021.09.18"]
[Round "3"]
[White "MENON, DHRUV:dmenon25"]
[Black "MOGHE, ARJUN CHAITANYA:Galactico7"]
[Result "1-0"]
[ICCResult "Black checkmated"]
[WhiteElo "1202"]
[BlackElo "785"]
[Opening "Sicilian: Hungarian variation"]
[ECO "B27"]
[NIC "SI.43"]
[Time "14:00:16"]
[TimeControl "1500+5"]

1. e4 c5 2. Nf3 g6 3. d4 cxd4 4. Nxd4 Bg7 5. Bc4 d6 6. O-O Nf6 7. Nc3 O-O 8.
Be3 Nc6 9. Qd2 a6 10. a4 e6 11. Rad1 d5 12. exd5 exd5 13. Bb3 Re8 14. Nf3
Bg4 15. Bxd5 Nxd5 16. Qxd5 Qxd5 17. Nxd5 Red8 18. Nb6 Rxd1 19. Rxd1 Rb8 20.
c3 Ne5 21. Bf4 Bxf3 22. gxf3 Nxf3+ 23. Kg2 Nh4+ 24. Kh3 Re8 25. Kxh4 Re4 26.
Kg3 h5 27. Kf3 Re6 28. Nd5 g5 29. Bxg5 Re5 30. Bf4 Rf5 31. Ne7+ Kh7 32. Nxf5
Kg6 33. Nxg7 Kxg7 34. Rd6 Kf8 35. Bg5 Kg8 36. Rd7 Kg7 37. Rxb7 Kg6 38. h4 f6
39. Rb6 Kg7 40. Rxf6 Kg8 41. Rxa6 Kg7 42. c4 Kf7 43. c5 Ke8 44. Rd6 Kf7 45.
c6 Kg7 46. c7 Kf7 47. c8=Q Kg7 48. Qd7+ Kf8 49. Qe7+ Kg8 50. Rd8#
{Black checkmated}
1-0

[Event "ICC tourney 2673 (25 5)"]
[Site "Internet Chess Club"]
[Date "2021.09.18"]
[Round "3"]
[White "VADHER, PREASH MAYANK:preashvadher"]
[Black "JOSHI, AARAV:K05-30026655"]
[Result "0-1"]
[ICCResult "White checkmated"]
[WhiteElo "771"]
[BlackElo "1053"]
[Opening "Sicilian: Smith-Morra gambit"]
[ECO "B21"]
[NIC "SI.47"]
[Time "14:01:03"]
[TimeControl "1500+5"]

1. e4 c5 2. d4 cxd4 3. c3 Nf6 4. e5 Nd5 5. cxd4 d6 6. Nf3 dxe5 7. Nxe5 Nc6
8. Bc4 Nxe5 9. dxe5 e6 10. O-O Bc5 11. Nc3 Nxc3 12. Qxd8+ Kxd8 13. bxc3 Ke7
14. Bg5+ f6 15. exf6+ gxf6 16. Bh4 Rg8 17. Rfe1 Rg4 18. Bxe6 Bxe6 19. Bg3
Kf7 20. Rab1 Bd5 21. Rb5 Rc8 22. a4 h5 23. Kh1 h4 24. h3 Rg6 25. Bxh4 Rxg2
26. c4 Rg4+ 27. cxd5 Rxh4 28. Rc1 b6 29. Kh2 Bd6+ 30. Kg2 Rxc1 31. a5 bxa5
32. Rxa5 Rc5 33. Rxa7+ Kg6 34. Rd7 Rxd5 35. Rd8 Rg5+ 36. Kf1 Bb4 37. Ke2
Rxh3 38. Rb8 Bc3 39. Rg8+ Kf5 40. Rc8 Kg4 41. Rc4+ Kh5 42. Rc8 f5 43. Rh8+
Kg4 44. Rc8 f4 45. Rc4 Re5+ 46. Kd1 Re1+ 47. Kc2 Rf1 48. Rxc3 Rxc3+ 49. Kxc3
Rxf2 50. Kd3 f3 51. Ke3 Ra2 52. Ke4 Kg3 53. Ke3 f2 54. Ke4 f1=Q 55. Ke5 Re2+
56. Kd6 Qd1+ 57. Kc7 Rc2+ 58. Kb8 Qb1+ 59. Ka8 Ra2# {White checkmated} 0-1

[Event "ICC tourney 2673 (25 5)"]
[Site "Internet Chess Club"]
[Date "2021.09.18"]
[Round "3"]
[White "RAM BHARADWAJ, SAMARTH:K01-30155483"]
[Black "JEHIN, RISHIN:K01-30043660"]
[Result "1-0"]
[ICCResult "Black checkmated"]
[WhiteElo "1031"]
[BlackElo "1205"]
[Opening "Vienna gambit: Paulsen attack"]
[ECO "C29"]
[NIC "VG.03"]
[Time "14:00:16"]
[TimeControl "1500+5"]

1. e4 e5 2. Nc3 Nf6 3. f4 d5 4. fxe5 Nxe4 5. Qf3 Nxc3 6. bxc3 Nc6 7. d4 Be7
8. Bf4 Bf5 9. Bd3 Qd7 10. Ne2 O-O 11. Ng3 Bg4 12. Qe3 Bh4 13. O-O Qe7 14. h3
Bd7 15. Bf5 g5 16. Bxd7 gxf4 17. Qxf4 Bxg3 18. Qxg3+ Kh8 19. Bf5 Rg8 20. Qe3
Rg7 21. Rab1 Rag8 22. Bg4 h5 23. Bf3 Qh4 24. Kh1 Ne7 25. Be2 Ng6 26. Qf2
Qxf2 27. Rxf2 Nh4 28. Rg1 Rg5 29. Bf3 c6 30. Kh2 Rg3 31. Bxh5 R8g5 32. Bxf7
Nf5 33. Rxf5 Rxf5 34. Be6 Rfg5 35. Bg4 Rxc3 36. Re1 Kg7 37. e6 Kf6 38. e7
Rg8 39. e8=Q Rxe8 40. Rxe8 Rxc2 41. Rb8 Rxa2 42. Rxb7 Ra1 43. Rc7 a5 44.
Rxc6+ Ke7 45. Ra6 a4 46. Be6 a3 47. Bxd5 Kd7 48. Bb3 Ke8 49. d5 Kd7 50. h4
Kc8 51. h5 Kb7 52. h6 Kxa6 53. h7 a2 54. Bxa2 Rxa2 55. h8=Q Rxg2+ 56. Kxg2
Ka7 57. d6 Kb7 58. d7 Ka7 59. d8=Q Ka6 60. Qa1+ Kb7 61. Qaa8# {Black
checkmated} 1-0

[Event "ICC tourney 2673 (25 5)"]
[Site "Internet Chess Club"]
[Date "2021.09.18"]
[Round "3"]
[White "VADHER, DEVAJ MAYANK:DevajVadher"]
[Black "Maddipati, Srihas:srihassm"]
[Result "1-0"]
[ICCResult "Black checkmated"]
[WhiteElo "1244"]
[BlackElo "1019"]
[Opening "Sicilian: Alapin's variation (2.c3)"]
[ECO "B22"]
[NIC "SI.46"]
[Time "14:00:10"]
[TimeControl "1500+5"]

1. e4 c5 2. c3 Nf6 3. e5 Nd5 4. Bc4 e6 5. d4 cxd4 6. cxd4 Nb6 7. Bb3 Be7 8.
Nf3 O-O 9. Nc3 Nc6 10. Bf4 h6 11. h3 g5 12. Be3 Kg7 13. O-O d6 14. a3 dxe5
15. Nxe5 Nxe5 16. dxe5 Qc7 17. f4 Bc5 18. Bxc5 Qxc5+ 19. Kh2 Qc7 20. Qg4 a6
21. Rae1 Qe7 22. Ne4 Kh8 23. fxg5 hxg5 24. Qh5+ Kg7 25. Rf6 Rh8 26. Qxg5+
Kf8 27. Nd6 Rh7 28. Ref1 Rg7 29. Rxf7+ Qxf7 30. Rxf7+ Rxf7 31. Qd8+ Kg7 32.
Nxf7 Kxf7 33. Qxb6 Ke7 34. Qc7+ Ke8 35. g4 Bd7 36. Qd6 Rd8 37. Bxe6 Bc6 38.
Bf7+ Kxf7 39. Qxd8 Ke6 40. g5 Kf5 41. Qf6+ Ke4 42. g6 Bd5 43. e6 Kd3 44. g7
Kc4 45. g8=Q Bc6 46. Qg4+ Kc5 47. Qe5+ Kb6 48. Qgd4# {Black checkmated} 1-0

[Event "ICC tourney 2673 (25 5)"]
[Site "Internet Chess Club"]
[Date "2021.09.18"]
[Round "3"]
[White "VENUTURUMILLI, DHRUV :CaringTrouble"]
[Black "QI, KEVIN:charmeleon16"]
[Result "1-0"]
[ICCResult "Black resigns"]
[WhiteElo "708"]
[BlackElo "441"]
[Opening "Giuoco Piano: four knights variation"]
[ECO "C47"]
[NIC "KP.06"]
[Time "14:01:03"]
[TimeControl "1500+5"]

1. e4 e5 2. Nf3 Nc6 3. Nc3 Nf6 4. Bc4 Bc5 5. Kf1 O-O 6. d3 a6 7. Bg5 h6 8.
Bh4 Nd4 9. Nd5 Nxf3 10. Nxf6+ gxf6 11. Qxf3 d6 12. Qg3+ Kh7 13. d4 Bxd4 14.
c3 Rg8 15. Qd3 Bc5 16. Bxf7 Rg7 17. b4 Ba7 18. Bb3 Qd7 19. Bxf6 Rg6 20. Qd5
Qg4 21. Qf7+ Rg7 22. Bxg7 Be6 23. Bxe6 Qxg7 24. Bf5+ Kh8 25. Qd5 Qf6 26.
Qxb7 Qh4 27. Qxa8+ Bb8 28. Qxb8+ Kg7 29. Qxc7+ Kf6 30. Qxd6+ Kg5 31. Qg6+
Kf4 32. g3+ {Black resigns} 1-0

[Event "ICC tourney 2673 (25 5)"]
[Site "Internet Chess Club"]
[Date "2021.09.18"]
[Round "3"]
[White "Kore, Anvika Mattam:K03-30142328"]
[Black "LI, DEREK W:TheKandor"]
[Result "0-1"]
[ICCResult "White checkmated"]
[WhiteElo "476"]
[BlackElo "974"]
[Opening "Sicilian: Smith-Morra gambit"]
[ECO "B21"]
[NIC "SI.48"]
[Time "14:00:15"]
[TimeControl "1500+5"]

1. e4 c5 2. d4 cxd4 3. c3 dxc3 4. Nxc3 Nc6 5. Nf3 e5 6. Bc4 h6 7. Qd5 Qe7 8.
Nb5 d6 9. Nc7+ Qxc7 10. O-O Be6 11. Qd3 O-O-O 12. Bxe6+ fxe6 13. Be3 d5 14.
exd5 exd5 15. Qe2 d4 16. Bd2 Kb8 17. Rfc1 Nf6 18. g3 e4 19. Bf4 Bd6 20. Bxd6
Qxd6 21. Nd2 Rhe8 22. Nc4 Qd5 23. Nd2 e3 24. fxe3 dxe3 25. Nc4 Nd4 26. Qf1
Nf3+ 27. Kg2 Nd2+ 28. Kg1 Nxf1 29. Kxf1 e2+ 30. Ke1 Qd1+ 31. Rxd1 Rxd1+ 32.
Rxd1 exd1=Q+ 33. Kxd1 Kc7 34. b4 Re4 35. Nd2 Rxb4 36. h4 Rd4 37. Kc2 Rxd2+
38. Kxd2 Ne4+ 39. Ke3 Nxg3 40. Kf3 g5 41. Kxg3 gxh4+ 42. Kxh4 Kc6 43. Kh5
Kb5 44. Kxh6 Kb4 45. Kg5 Ka3 46. Kf4 b5 47. Ke4 b4 48. Kd4 Kxa2 49. Kc4 b3
50. Kc3 b2 51. Kc2 b1=Q+ 52. Kc3 a5 53. Kc4 Kb2 54. Kb5 Qf5+ 55. Kc4 a4 56.
Kb4 a3 57. Kc4 a2 58. Kd4 a1=Q 59. Kc4 Qa4# {White checkmated} 0-1

[Event "ICC tourney 2673 (25 5)"]
[Site "Internet Chess Club"]
[Date "2021.09.18"]
[Round "3"]
[White "QI, JENNY:eevee11"]
[Black "ZHANG, BRIAN ZHIHONG:brianzhang9"]
[Result "1/2-1/2"]
[ICCResult "Game drawn because neither player has mating material"]
[WhiteElo "1393"]
[BlackElo "277"]
[Opening "Sicilian: Najdorf"]
[ECO "B90"]
[NIC "SI.14"]
[Time "14:00:12"]
[TimeControl "1500+5"]

1. e4 c5 2. Nf3 d6 3. d4 cxd4 4. Nxd4 Nf6 5. Nc3 a6 6. f3 g6 7. Bc4 Bg7 8.
Be3 b5 9. Bb3 Bd7 10. Qd2 Nc6 11. Nd5 O-O 12. h4 Nxd5 13. Bxd5 Rc8 14. Nxc6
Bxc6 15. c3 a5 16. Bxc6 Rxc6 17. Qd5 Qc7 18. h5 e6 19. Qg5 f6 20. Qg3 d5 21.
Qxc7 Rxc7 22. exd5 exd5 23. Bb6 Re7+ 24. Kd2 Rfe8 25. Rae1 Bh6+ 26. Kd1 a4
27. Rxe7 Rxe7 28. hxg6 Bf4 29. gxh7+ Rxh7 30. Rxh7 Kxh7 31. Ke2 Kg7 32. Kd3
Be5 33. Bd4 Kf7 34. Bxe5 fxe5 35. b3 Ke6 36. c4 axb3 37. axb3 dxc4+ 38. bxc4
bxc4+ 39. Kxc4 Kf5 40. g4+ Kf4 41. Kd5 Kxf3 42. g5 e4 43. g6 e3 44. g7 e2
45. g8=Q e1=Q 46. Qf7+ Ke2 47. Qe6+ Kd1 48. Qg4+ Qe2 49. Qg1+ Qe1 50. Qg4+
Qe2 51. Qa4+ Qc2 52. Qa1+ Qc1 53. Qa4+ Qc2 54. Qg4+ Qe2 55. Qg1+ Qe1 56.
Qg4+ Qe2 57. Qa4+ Qc2 58. Qxc2+ Kxc2
{Game drawn because neither player has mating material}
1/2-1/2

[Event "ICC tourney 2673 (25 5)"]
[Site "Internet Chess Club"]
[Date "2021.09.18"]
[Round "3"]
[White "XUE, JACK:K03-17241051"]
[Black "Maddipati, Srijani:srijanim"]
[Result "0-1"]
[ICCResult "White checkmated"]
[WhiteElo "1148"]
[BlackElo "865"]
[Opening "Petrov's defense"]
[ECO "C42"]
[NIC "RG.03"]
[Time "14:00:32"]
[TimeControl "1500+5"]

1. e4 e5 2. Nf3 Nf6 3. Nxe5 d6 4. Nf3 Nxe4 5. Bc4 Bg4 6. d3 Nf6 7. Bxf7+
Kxf7 8. Ng5+ Ke8 9. f3 Bf5 10. O-O Be7 11. g4 Bg6 12. Ne6 Qd7 13. Re1 Kf7
14. Ng5+ Kg8 15. Nc3 h6 16. Ne6 Bf7 17. Nf4 Kh7 18. d4 Re8 19. Qd3+ Kg8 20.
h4 Nc6 21. Nce2 Nb4 22. Qd2 Nxa2 23. c3 Nxc1 24. Nxc1 Qc6 25. Kf2 Nd5 26.
Ng2 Nb6 27. Nd3 Nc4 28. Qf4 d5 29. Nb4 Bxb4 30. cxb4 Nxb2 31. Qd2 Nc4 32.
Qf4 Qb6 33. g5 hxg5 34. hxg5 Qxb4 35. Qh4 Qd2+ 36. Kg3 Nd6 37. Qh3 Qxg5+ 38.
Kf2 Qd2+ 39. Kg3 Rxe1 40. Rxe1 Qxd4 41. Rh1 Qe5+ 42. Kf2 Kf8 43. Qh8+ Bg8
44. Rh4 Qb2+ 45. Kg3 Nf5+ 46. Kg4 Nxh4 47. Qxh4 Qb4+ 48. Nf4 Be6+ 49. Kh5
Kf7 50. Qg3 Rh8+ 51. Kg5 Qe7# {White checkmated} 0-1

[Event "ICC tourney 2673 (25 5)"]
[Site "Internet Chess Club"]
[Date "2021.09.18"]
[Round "3"]
[White "POLAKALA, SRIKAR:srikarpolakala"]
[Black "KANTEM, SAMANVI:samanvikantem"]
[Result "0-1"]
[ICCResult "White checkmated"]
[WhiteElo "518"]
[BlackElo "929"]
[Opening "Giuoco Pianissimo"]
[ECO "C50"]
[NIC "IG.02"]
[Time "14:00:58"]
[TimeControl "1500+5"]

1. e4 e5 2. Nf3 Nc6 3. Bc4 Bc5 4. d3 h6 5. O-O Nf6 6. Nc3 d6 7. h3 O-O 8.
Nh2 Qe7 9. Na4 Na5 10. Bb3 Nxb3 11. axb3 Nh7 12. Nxc5 dxc5 13. f4 exf4 14.
Bxf4 Be6 15. Qf3 Ng5 16. Qg3 f6 17. Bxc7 Rac8 18. Bd6 Qd7 19. Bxf8 Rxf8 20.
Rxa7 Qd4+ 21. Qf2 Qxb2 22. Qxc5 Rc8 23. Qe7 Qd4+ 24. Kh1 Qxa7 25. h4 Bf7 26.
hxg5 hxg5 27. Nf3 Re8 28. Qd7 Rf8 29. e5 Be8 30. Qc7 Rf7 31. Qd8 Rf8 32.
exf6 gxf6 33. Nd2 Bc6 34. Qd6 Qe3 35. Nc4 Qh3+ 36. Qh2 Bxg2+ 37. Kg1 Qxh2+
38. Kxh2 Bxf1 39. Nd6 Rc8 40. Nxc8 Be2 41. Nd6 Bf3 42. c4 Be2 43. Nxb7 Bxd3
44. c5 Be4 45. Nd6 Bd5 46. b4 Kf8 47. b5 Ke7 48. b6 Kd7 49. b7 Kc7 50. Kg3
Bxb7 51. Nxb7 Kxb7 52. Kg4 Kc6 53. Kf5 Kxc5 54. Kg4 Kd5 55. Kf5 Kd4 56. Kg4
Ke4 57. Kg3 f5 58. Kg2 f4 59. Kh3 Kf3 60. Kh2 g4 61. Kh1 g3 62. Kg1 g2 63.
Kh2 Kf2 64. Kh3 g1=Q 65. Kh4 Qg3+ 66. Kh5 f3 67. Kh6 Ke3 68. Kh5 f2 69. Kh6
f1=Q 70. Kh5 Qh1# {White checkmated} 0-1

[Event "ICC tourney 2673 (25 5)"]
[Site "Internet Chess Club"]
[Date "2021.09.18"]
[Round "3"]
[White "AMBA, ADVAITH:advichess"]
[Black "AMBATI, JASWANT REDDY:AJRChess2011"]
[Result "0-1"]
[ICCResult "White checkmated"]
[WhiteElo "1072"]
[BlackElo "1601"]
[Opening "Sicilian: Smith-Morra gambit"]
[ECO "B21"]
[NIC "SI.48"]
[Time "14:00:20"]
[TimeControl "1500+5"]

1. e4 c5 2. d4 cxd4 3. c3 dxc3 4. Nxc3 Nc6 5. Bc4 Nf6 6. Nf3 e6 7. Bg5 Be7
8. O-O O-O 9. a3 Qc7 10. Re1 h6 11. Bh4 Ne5 12. Be2 Nxf3+ 13. Bxf3 d6 14.
Rc1 Qb6 15. b4 Bd7 16. e5 Ng4 17. Bxe7 Nxf2 18. Qe2 Nh3+ 19. Kh1 Nf2+ 20.
Kg1 Nd3+ 21. Qe3 Qxe3+ 22. Rxe3 Nxc1 23. Bxf8 Rxf8 24. exd6 b6 25. Re1 Nb3
26. Rd1 Rc8 27. Ne2 a5 28. Rb1 Nd2 29. Rb2 Nxf3+ 30. gxf3 axb4 31. Rxb4 Rc6
32. Rd4 b5 33. Ng3 Rc1+ 34. Kf2 Rc2+ 35. Kf1 Rc3 36. a4 bxa4 37. Rb4 a3 38.
Rb7 a2 39. Rxd7 a1=Q+ 40. Kf2 Rc2+ 41. Ke3 Qc3+ 42. Ke4 Qc6+ 43. Kd3 Qxd7
44. Kxc2 Qxd6 45. Ne4 Qd5 46. Kc3 f5 47. Kb4 fxe4 48. fxe4 Qxe4+ 49. Kc5
Qd5+ 50. Kb4 e5 51. Kc3 e4 52. Kb4 e3 53. Ka4 e2 54. Kb4 e1=Q+ 55. Ka3 Qc3+
56. Ka4 Qda5# {White checkmated} 0-1

[Event "ICC tourney 2673 (25 5)"]
[Site "Internet Chess Club"]
[Date "2021.09.18"]
[Round "3"]
[White "YADATORE, NEEL:K09-30026420"]
[Black "AHN, WILLIAM TK:kitook"]
[Result "1-0"]
[ICCResult "Black checkmated"]
[WhiteElo "729"]
[BlackElo "945"]
[Opening "Giuoco Pianissimo"]
[ECO "C50"]
[NIC "IG.02"]
[Time "14:01:03"]
[TimeControl "1500+5"]

1. e4 e5 2. Nf3 Nc6 3. Bc4 Bc5 4. d3 Nf6 5. Bg5 h6 6. Bh4 g5 7. Bg3 d6 8.
Nfd2 Be6 9. Bb3 Qd7 10. c3 O-O-O 11. Na3 d5 12. f3 dxe4 13. dxe4 Bxb3 14.
axb3 Be3 15. Nac4 Bxd2+ 16. Nxd2 Qe6 17. Qc2 Rd7 18. Ke2 Rhd8 19. Rhd1 Rd6
20. Nc4 Rxd1 21. Rxd1 Rxd1 22. Kxd1 b5 23. Ne3 Na5 24. b4 Nc6 25. b3 Nh5 26.
Bf2 Ng7 27. Kc1 Ne7 28. Kb2 f6 29. Qd3 Qc6 30. Nc2 a6 31. Bc5 Ng6 32. g3 h5
33. c4 bxc4 34. Qxc4 Kb7 35. Qf7 Qe8 36. Qxg7 g4 37. Qxf6 gxf3 38. Qxf3 Qe6
39. Qxh5 Qc6 40. h4 Qxe4 41. g4 Nf4 42. Qf5 Qd5 43. h5 Nd3+ 44. Ka2 Nc1+ 45.
Kb1 Nxb3 46. h6 Nxc5 47. bxc5 Qh1+ 48. Kb2 Qxh6 49. Qxe5 Qg6 50. g5 Qc6 51.
Nd4 Qg2+ 52. Kc3 Qh3+ 53. Kc4 Qf1+ 54. Qe2 Qc1+ 55. Qc2 Qxg5 56. Qb3+ Kc8
57. Nc6 Qf4+ 58. Nd4 Qf7+ 59. Kc3 Qe7 60. c6 Qc5+ 61. Qc4 Qa3+ 62. Kd2 Qb2+
63. Ke3 Qb6 64. Qg8# {Black checkmated} 1-0

[Event "ICC tourney 2673 (25 5)"]
[Site "Internet Chess Club"]
[Date "2021.09.18"]
[Round "4"]
[White "Maddipati, Srihas:srihassm"]
[Black "VASHISHT, ANEESH:aneeshgm2013"]
[Result "1-0"]
[ICCResult "Black checkmated"]
[WhiteElo "1019"]
[BlackElo "531"]
[Opening "Scotch game"]
[ECO "C45"]
[NIC "SO.04"]
[Time "15:30:51"]
[TimeControl "1500+5"]

1. e4 e5 2. Nf3 Nc6 3. d4 exd4 4. Nxd4 Nxd4 5. Qxd4 Nf6 6. e5 Ng8 7. Bc4 d6
8. O-O c5 9. Qd5 Be6 10. Bb5+ Bd7 11. Qxb7 Rb8 12. Bxd7+ Ke7 13. exd6+ Kxd6
14. Qc6+ Ke7 15. Re1# {Black checkmated} 1-0

[Event "ICC tourney 2673 (25 5)"]
[Site "Internet Chess Club"]
[Date "2021.09.18"]
[Round "4"]
[White "AHN, WILLIAM TK:kitook"]
[Black "LIU, DYLAN:Lerdog"]
[Result "1-0"]
[ICCResult "Black checkmated"]
[WhiteElo "945"]
[BlackElo "724"]
[Opening "Sicilian: Najdorf"]
[ECO "B90"]
[NIC "SI.14"]
[Time "15:30:49"]
[TimeControl "1500+5"]

1. e4 c5 2. Nf3 d6 3. d4 cxd4 4. Nxd4 Nf6 5. Nc3 a6 6. f3 Qc7 7. Be3 b5 8.
Qd2 Bb7 9. g4 e6 10. h4 Nc6 11. h5 Be7 12. g5 Nd7 13. f4 h6 14. O-O-O hxg5
15. fxg5 f6 16. h6 gxh6 17. gxf6 Bxf6 18. Nxe6 Qa5 19. Qxd6 Bxc3 20. Qxd7#
{Black checkmated}
1-0

[Event "ICC tourney 2673 (25 5)"]
[Site "Internet Chess Club"]
[Date "2021.09.18"]
[Round "4"]
[White "LI, DEREK W:TheKandor"]
[Black "Rastogi, Viraj:masterviraj"]
[Result "1-0"]
[ICCResult "Black resigns"]
[WhiteElo "974"]
[BlackElo "738"]
[Opening "QGD Slav: 4.Nc3"]
[ECO "D15"]
[NIC "SL.03"]
[Time "15:30:50"]
[TimeControl "1500+5"]

1. d4 d5 2. c4 c6 3. Nc3 Nf6 4. Nf3 Bf5 5. Bf4 Nbd7 6. e3 e6 7. Bd3 Bxd3 8.
Qxd3 Bb4 9. O-O Bxc3 10. bxc3 O-O 11. cxd5 cxd5 12. Bd6 Re8 13. Ne5 Nxe5 14.
dxe5 Ne4 15. Bc5 Nxc5 16. Qb5 Qb6 17. Qe2 Ne4 18. c4 Qc6 19. Rac1 dxc4 20.
Rxc4 Qd5 21. Rd1 Qxe5 22. f4 Qf5 23. g4 Qg6 24. Qf3 Nf6 25. h3 h5 26. g5 Nh7
27. Qxb7 f6 28. h4 fxg5 29. hxg5 Reb8 30. Qd7 Rd8 31. Qxd8+ Rxd8 32. Rxd8+
Nf8 33. Rcc8 Qf7 34. Rxf8+ Qxf8 35. Rxf8+ Kxf8 36. Kf2 Kf7 37. Kg3 Kg6 38.
e4 Kf7 39. f5 exf5 40. exf5 g6 41. f6 Ke6 42. Kf4 Kf7 43. Ke5 h4 44. Kf4 Ke6
45. Kg4 h3 46. Kxh3 Kf7 47. Kg4 Ke6 48. Kf4 Kf7 49. Ke5 Kf8 50. Ke6 Ke8 51.
f7+ Kf8 52. Kf6 a5 53. Kxg6 a4 54. Kf6 a3 55. Ke6 Kg7 56. Ke7 Kg6 57. f8=Q
Kxg5 58. Qa8 {Black resigns} 1-0

[Event "ICC tourney 2673 (25 5)"]
[Site "Internet Chess Club"]
[Date "2021.09.18"]
[Round "4"]
[White "INDRAKANTI, SAMVIK:K03-16771001"]
[Black "ZHAO, DANSON:K01-30127679"]
[Result "0-1"]
[ICCResult "White checkmated"]
[WhiteElo "294"]
[BlackElo "1110"]
[Opening "KP: Patzer opening"]
[ECO "C20"]
[NIC "KP.10"]
[Time "15:32:38"]
[TimeControl "1500+5"]

1. e4 e5 2. Qh5 Nc6 3. Bc4 g6 4. Qf3 Nf6 5. Nc3 Bg7 6. d3 Nd4 7. Qg3 Nxc2+
8. Kf1 Nxa1 9. Bg5 d6 10. Bxf6 Qxf6 11. Nd5 Qd8 12. Qf3 O-O 13. Ne3 Qf6 14.
Qxf6 Bxf6 15. Nf3 c6 16. h4 Be6 17. Bxe6 fxe6 18. h5 Kg7 19. h6+ Kf7 20. d4
exd4 21. Ng4 Bh8 22. Ng5+ Kg8 23. Nxe6 Rae8 24. Nxf8 Rxf8 25. Rh3 Nc2 26.
Rb3 b5 27. Ra3 Rf7 28. Ra6 Nb4 29. Ra3 d3 30. Ke1 Nc2+ 31. Kd2 Nxa3 32. Kxd3
Bxb2 33. f4 Nc4 34. Kc2 Bf6 35. Nxf6+ Rxf6 36. Kc3 Rxf4 37. a4 Rxe4 38. axb5
cxb5 39. Kd3 Rh4 40. g3 Rxh6 41. Kd4 Nd2 42. Ke3 d5 43. Kxd2 Rh3 44. g4 Rg3
45. Ke2 Rxg4 46. Kf2 Rg2+ 47. Kxg2 a5 48. Kf2 b4 49. Ke2 a4 50. Kd2 h5 51.
Kd3 g5 52. Kd4 a3 53. Kxd5 a2 54. Kc4 a1=Q 55. Kxb4 Qc3+ 56. Kxc3 Kf7 57.
Kd3 Kf6 58. Ke3 Kf5 59. Kf3 g4+ 60. Kg3 Kg5 61. Kg2 h4 62. Kg1 Kf4 63. Kg2
g3 64. Kh3 Kg5 65. Kg2 Kg4 66. Kg1 h3 67. Kh1 Kf3 68. Kg1 g2 69. Kh2 Kf2 70.
Kxh3 g1=Q 71. Kh4 Kf3 72. Kh3 Qh1# {White checkmated} 0-1

[Event "ICC tourney 2673 (25 5)"]
[Site "Internet Chess Club"]
[Date "2021.09.18"]
[Round "4"]
[White "POLAKALA, SRIKAR:srikarpolakala"]
[Black "Goteti, Ishan:Aurex"]
[Result "1-0"]
[ICCResult "Black checkmated"]
[WhiteElo "518"]
[BlackElo "834"]
[Opening "King's pawn game"]
[ECO "C50"]
[NIC "IG.03"]
[Time "15:30:44"]
[TimeControl "1500+5"]

1. e4 e5 2. Nf3 Nc6 3. Bc4 d6 4. O-O Nf6 5. h3 Be7 6. d3 O-O 7. Nc3 Na5 8.
Bb3 Nxb3 9. axb3 c6 10. Nh2 Qb6 11. Be3 c5 12. f4 exf4 13. Bxf4 Nh5 14. Qxh5
Bf6 15. Nd5 Bd4+ 16. Kh1 Qd8 17. c3 Bf6 18. Nxf6+ Qxf6 19. Bg5 Qe6 20. Ng4
h6 21. Bh4 f6 22. Nxh6+ gxh6 23. Qg6+ Kh8 24. Qxh6+ Kg8 25. Qg6+ Kh8 26.
Bxf6+ Rxf6 27. Rxf6 Qg8 28. Qh6+ Qh7 29. Rf8# {Black checkmated} 1-0

[Event "ICC tourney 2673 (25 5)"]
[Site "Internet Chess Club"]
[Date "2021.09.18"]
[Round "4"]
[White "AMBATI, JASWANT REDDY:AJRChess2011"]
[Black "RAM BHARADWAJ, SAMARTH:K01-30155483"]
[Result "1-0"]
[ICCResult "Black checkmated"]
[WhiteElo "1601"]
[BlackElo "1031"]
[Opening "Ruy Lopez: exchange, Keres variation"]
[ECO "C68"]
[NIC "RL.08"]
[Time "15:30:59"]
[TimeControl "1500+5"]

1. e4 e5 2. Nf3 Nc6 3. Bb5 a6 4. Bxc6 dxc6 5. Nc3 Bd6 6. d4 exd4 7. Qxd4 Nf6
8. e5 Qe7 9. O-O Bc5 10. exf6 Bxd4 11. fxe7 Bxc3 12. bxc3 Be6 13. Ba3 b6 14.
Nd4 c5 15. Nxe6 fxe6 16. Rfe1 Kf7 17. Re3 Rae8 18. Bb2 c4 19. Ba3 c5 20. Re4
b5 21. Bxc5 Rc8 22. Bb4 Ke8 23. Rd1 Kf7 24. Rf4+ Ke8 25. Rf8+ Rxf8 26.
exf8=Q# {Black checkmated} 1-0

[Event "ICC tourney 2673 (25 5)"]
[Site "Internet Chess Club"]
[Date "2021.09.18"]
[Round "4"]
[White "MOGHE, ARJUN CHAITANYA:Galactico7"]
[Black "SANGAL LOPEZ, DEV:devsl"]
[Result "1-0"]
[ICCResult "Black checkmated"]
[WhiteElo "785"]
[BlackElo "714"]
[Opening "Scotch opening"]
[ECO "C44"]
[NIC "KP.10"]
[Time "15:30:51"]
[TimeControl "1500+5"]

1. e4 e5 2. Nf3 Nc6 3. d4 f6 4. d5 Nce7 5. Bc4 d6 6. Nc3 Ng6 7. O-O Bg4 8.
h3 Bd7 9. Be3 c6 10. dxc6 Bxc6 11. Nd5 Bxd5 12. Qxd5 Qc7 13. Qe6+ Qe7 14.
Qd5 a6 15. b4 O-O-O 16. b5 axb5 17. Qxb5 Qd7 18. Qb3 N8e7 19. Be6 Nc6 20.
Bxd7+ Rxd7 21. a4 Be7 22. a5 Kc7 23. Rfb1 Rb8 24. Qd3 Bd8 25. Bb6+ Kc8 26.
Bxd8 Nxd8 27. a6 bxa6 28. Qxa6+ Nb7 29. Qc6+ Rc7 30. Qe8+ Nd8 31. Rxb8+ Kxb8
32. Qxd8+ Rc8 33. Qxd6+ Kb7 34. Qd7+ Rc7 35. Ra7+ Kxa7 36. Qxc7+ Ka6 37.
Qxg7 Nf4 38. Qxh7 Ne2+ 39. Kf1 f5 40. Kxe2 fxe4 41. Qxe4 Kb5 42. g4 Kc5 43.
g5 Kd6 44. Qxe5+ Kd7 45. g6 Kc6 46. g7 Kd7 47. g8=Q Kc6 48. Qg6+ Kd7 49.
Qeg7+ Kd8 50. Q6f7 Kc8 51. Qe8# {Black checkmated} 1-0